AoeStats
← iAlejandrouae

Arena

506887143Analyzed
4v4 RM · 18d ago on Sep 15, 2026· 36m 20s· 8 players
Game mode
Random Map
Map size
Large (8 player)
Population
200
Speed
Normal
Resources
Standard
Victory
Conquest
Starting age
Dark Age
Ending age
Imperial Age
RankedLock teamsTeams togetherTeam positionsShared explorationLock speedFull tech treeHidden civsTurbo modeCheats
Victory
Defeat
🇦🇷 Bengalis · Argentina
1572
+11
🇵🇹 Britons · Portugal
1492
+14
🇵🇱 Mongols · Poland
1390
+18
🇨🇴 Italians · Colombia
1368
+19
🇦🇷 Burmese · Argentina
1476
-17
🇦🇷 Lithuanians · Argentina
1469
-17
🇺🇸 Spanish · United States
1452
-16
🇦🇷 Vietnamese · Argentina
1366
-12
Vedette87
11:56 Feudal Age
13:04 Double-Bit Axe
15:45 Castle Age
13:40 Horse Collar
16:46 Scale Mail Armor
18:27 Pikeman
20:55 Squires
21:41 Loom
22:56 Chain Mail Armor
25:09 Stone Mining
25:42 Gold Mining
26:07 Fletching
26:04 Elite Skirmisher
28:03 Bodkin Arrow
30:15 Padded Archer Armor
31:00 Ballistics
31:53 Wheelbarrow
33:19 Masonry
37:07 Imperial Age
Lauti
10:30 Feudal Age
14:34 Castle Age
12:58 Horse Collar
13:30 Double-Bit Axe
15:50 Bow Saw
18:15 Scale Barding Armor
21:46 Wheelbarrow
21:25 Forging
22:05 Bloodlines
26:15 Hand Cart
26:53 Husbandry
27:16 Chain Barding Armor
28:04 Gold Mining
33:35 Imperial Age
30:50 Loom
30:51 Town Watch
31:12 Heavy Plow
31:04 Stone Mining
35:23 Chemistry
35:02 Plate Barding Armor
35:04 Iron Casting
35:19 Masonry
34:52 Cavalier
__127_Monchito008_Arg
10:37 Feudal Age
10:54 Loom
21:42 Castle Age
19:43 Fletching
20:45 Gold Mining
23:14 Redemption
24:23 Sanctity
24:44 Fervor
25:50 Wheelbarrow
31:08 Imperial Age
29:37 Horse Collar
31:38 Heavy Plow
32:16 Gold Shaft Mining
33:37 Chemistry
33:56 Block Printing
__24_Thorfin_Arg
10:51 Feudal Age
15:08 Castle Age
13:38 Loom
14:51 Double-Bit Axe
15:00 Gold Mining
14:53 Horse Collar
19:26 Scale Mail Armor
24:30 Forging
29:52 Bow Saw
29:43 Heavy Plow
30:20 Wheelbarrow
29:31 Town Watch
31:56 Hand Cart
34:29 Imperial Age
33:06 Scale Barding Armor
33:36 Iron Casting
33:03 Stone Mining
33:53 Bloodlines
33:44 Husbandry
34:30 Squires
34:52 Chain Barding Armor
34:47 Chain Mail Armor
35:42 Crop Rotation
36:14 Two-Man Saw
34:40 Elite Battle Elephant
35:28 Chatras
35:27 Fletching
36:52 Chemistry
Savitar_pt
11:37 Feudal Age
15:37 Castle Age
14:09 Double-Bit Axe
14:49 Fletching
14:55 Loom
16:45 Bodkin Arrow
18:06 Ballistics
31:22 Wheelbarrow
33:11 Bow Saw
33:21 Padded Archer Armor
38:29 Imperial Age
35:56 Pikeman
36:36 Squires
36:43 Scale Mail Armor
iAlejandrouae
11:02 Feudal Age
14:59 Castle Age
12:57 Horse Collar
13:19 Double-Bit Axe
22:30 Loom
22:31 Town Watch
23:22 Wheelbarrow
23:06 Gold Mining
23:09 Stone Mining
25:19 Fletching
25:30 Padded Archer Armor
28:30 Imperial Age
26:33 Bow Saw
27:03 Scale Barding Armor
27:09 Forging
27:21 Bloodlines
27:12 Husbandry
27:45 Heavy Plow
28:20 Coinage
29:32 Chain Barding Armor
29:46 Devotion
29:35 Light Cavalry
29:44 Light Cavalry
31:16 Iron Casting
31:29 Conscription
33:16 Two-Man Saw
32:28 Paiks
31:49 Elite Battle Elephant
34:01 Plate Barding Armor
35:48 Blast Furnace
36:36 Banking
35:47 Siege Elephant
uribeparacohp
5:31 Loom
8:26 Feudal Age
9:02 Double-Bit Axe
10:26 Fletching
20:28 Wheelbarrow
23:16 Castle Age
25:30 Bow Saw
25:58 Bow Saw
26:16 Bodkin Arrow
28:30 Devotion
32:28 Padded Archer Armor
32:52 Ballistics
Dawidowww
10:44 Feudal Age
11:36 Double-Bit Axe
14:29 Castle Age
12:38 Horse Collar
16:03 Heavy Plow
20:42 Wheelbarrow
21:43 Fletching
22:28 Bodkin Arrow
23:53 Ballistics
24:01 Padded Archer Armor
24:13 Loom
27:22 Leather Archer Armor
27:43 Stone Mining
27:47 Gold Mining
31:42 Imperial Age
29:42 Bloodlines
31:41 Gold Shaft Mining
31:25 Bow Saw
31:34 Masonry
32:25 Hand Cart
33:30 Chemistry
32:32 Bracer
36:16 Hoardings
35:04 Elite Mangudai
Connection lost

Rejoining the realm…

Still unreachable

The connection could not be restored.

Session expired

The server has moved on; the page needs a fresh start.